 Dungeon Crawl Stone Soup version 0.32-a0-981-g384da2ce10 (webtiles) character file.

Game seed: 15025720834084155959

130 elagabalus the Grasshopper (level 4, 0/36 HPs)
             Began as an Armataur Warper on Apr 21, 2024.
             Slain by a cerulean imp
             ... wielding a +2 spear
             ... summoned by Natasha
              (2 damage)
             ... on level 3 of the Dungeon.
             The game lasted 00:12:15 (1725 turns).

elagabalus the Grasshopper (Armataur Warper)        Turns: 1725, Time: 00:12:16

Health: 0/36       AC:  5    Str: 17    XL:     4   Next: 89%
Magic:  6/6        EV:  8    Int: 13    God:
Gold:   94         SH:  0    Dex: 11    Spells: 1/6 levels left

rFire   . . .        c - +0 long sword
rCold   . . .        (no shield)
rNeg    . . .        b - +0 leather armour
rPois   .            k - +0 helmet
rElec   .            (no cloak)
rCorr   .            (no gloves)
SInv    .            (no barding)
Will    .....        (no amulet)
Stlth   +            (no ring)
HPRegen 0.26/turn    (no ring)
MPRegen 0.10/turn

%: roll
@: no status effects
A: large, deformed body, tough skin 3, armoured tail, rollpage 1
a: no special abilities


You were on level 3 of the Dungeon.
You visited 1 branch of the dungeon, and saw 3 of its levels.

You collected 116 gold pieces.
You spent 22 gold pieces at shops.

Inventory:

Hand Weapons
 c - a +0 long sword (weapon)
Missiles
 d - 5 darts of dispersal (quivered)
 j - 6 poisoned darts
Armour
 b - a +0 leather armour (worn)
 k - a +0 helmet (worn)
 l - a +0 scale mail
 m - an orb of wrath
 n - a scarf of shadows
Wands
 p - a wand of mindburst (16)
 q - a wand of paralysis (10)
Scrolls
 g - a scroll of enchant weapon {unknown}
 h - a scroll of teleportation {unknown}
Potions
 a - 2 potions of invisibility {unknown}
 e - 2 potions of curing {unknown}
 f - a potion of mutation {unknown}
 i - a potion of heal wounds {unknown}
 o - 2 potions of attraction {unknown}


   Skills:
 - Level 1.7 Fighting
 - Level 3.2 Long Blades
 - Level 0.8 Throwing
 - Level 1.2 Armour
 - Level 1.3 Dodging
 - Level 1.7 Spellcasting
 * Level 4.8 Translocations


You had one spell level left.
You knew the following spells:

 Your Spells              Type           Power      Damage    Failure   Level
a - Lesser Beckoning      Tloc           26%        N/A       7%          2
b - Maxwell's Portable P  Tloc           13%        2d(6-17)  13%         3

Your spell library contained the following spells:

 Spells                   Type           Power      Damage    Failure   Level
 Slow                     Hex            4%         N/A       30%         1
 Blink                    Tloc           26%        N/A       7%          2
 Teleport Other           Tloc           13%        N/A       13%         3
 Confusing Touch          Hex            1%         N/A       67%         3
 Vampiric Draining        Necr           1%         2d6       67%         3
 Vhi's Electric Charge    Tloc/Air       14%        N/A       75%         4


Dungeon Overview and Level Annotations

Branches:
Dungeon (3/15)

Altars:

Shops:
D:1 (!=?

Annotations:
D:3 Natasha


Innate Abilities, Weirdness & Mutations

Armour fits poorly on your strangely shaped body.
You have extremely tough skin. (AC +3)
You have a long armoured tail.
You regenerate magic when rolling toward enemies. (Rampage MPRegen)


Message History

Natasha stares at you and mumbles some strange words.
The magic dart hits you.
You barely miss Natasha.
Natasha is lightly wounded.
Natasha barely misses you.
The cerulean imp hits you but does no damage.
Natasha claws you but does no damage.
You barely miss Natasha.
Natasha is lightly wounded.
The cerulean imp hits you but does no damage.
Natasha barely misses you.
The cerulean imp hits you but does no damage.
You closely miss Natasha.
Natasha is lightly wounded.
Natasha claws you. The cerulean imp barely misses you.
You closely miss Natasha. Natasha claws you.
The cerulean imp closely misses you.
You hit Natasha.
Natasha is moderately wounded.
Natasha closely misses you.
The cerulean imp hits you from afar with a +2 spear.
You closely miss Natasha.
Natasha is moderately wounded.
Natasha casts a spell at you. The magic dart hits you!
* * * LOW HITPOINT WARNING * * *
The cerulean imp hits you but does no damage.
Natasha barely misses you.
You completely miss Natasha.
Your tail-slap misses Natasha.
Natasha is moderately wounded.
The cerulean imp hits you but does no damage.
Natasha growls.
Natasha mumbles some strange words.
The cerulean imp hits you from afar with a +2 spear.
* * * LOW HITPOINT WARNING * * *
The cerulean imp hits you from afar with a +1 spear.
* * * LOW HITPOINT WARNING * * *
The cerulean imp attacks as it pursues you!
The cerulean imp hits you from afar with a +2 spear.
You die...

#..............)..........#
#....<...........####.....#
#................####..
##......................
..............#.........
....######....#5.#######
....# #....#.5# ....#
#....#.h# ....# #....#.@#
....######....#..#
..............#..# ..
..............#... ...
......|......>#... ...
....#######.#.#########..
##### ####.............#
##### ###### #..........>.#
#.# #.... .....#
#............###.#####.###


You could see Natasha and 2 cerulean imps.

Vanquished Creatures
  Terence (D:2)
  Robin (D:3)
  3 adders
  2 ribbon worms
  3 ball pythons
  3 endoplasms
  9 hobgoblins
  8 jackals
  6 kobolds
  4 quokkas
  4 bats
  2 frilled lizards (D:2)
  6 goblins (D:3)
  4 rats
56 creatures vanquished.

Notes
Turn   | Place    | Note
-------+----------+-------------------------------------------
     0 | D:1      | elagabalus the Armataur Warper began the quest for the Orb.
     0 | D:1      | Reached XP level 1. HP: 17/17 MP: 3/3
    64 | D:1      | Found Zukh's Distillery.
   114 | D:1      | Found Zuhaggye's Weapon Emporium.
   167 | D:1      | Found Teuc's Magic Scroll Shop.
   192 | D:1      | Bought a scroll of identify for 22 gold pieces
   225 | D:1      | Reached XP level 2. HP: 21/24 MP: 4/4
   228 | D:1      | Learned a level 2 spell: Lesser Beckoning
   413 | D:1      | Found Archimaw's Jewellery Shoppe.
   728 | D:2      | Reached XP level 3. HP: 20/29 MP: 5/5
   732 | D:2      | Learned a level 3 spell: Maxwell's Portable Piledriver
   772 | D:2      | Noticed Terence
   882 | D:2      | Found a faded altar of an unknown god.
  1086 | D:2      | Killed Terence
  1087 | D:2      | Reached XP level 4. HP: 9/36 MP: 6/6
  1250 | D:3      | Reached skill level 4 in Translocations
  1253 | D:3      | Noticed Robin
  1268 | D:3      | Killed Robin
  1710 | D:3      | Noticed Natasha
  1725 | D:3      | Slain by a cerulean imp

Illustrated notes

Levels and vault maps discovered:
D:1:      hellmonk_arrival_library, layout_basic, serial_shops, shop, shop,
          nicolae_shop_industrial_runoff, nicolae_shop_real_fake_doors
D:2:      layout_basic, ebering_ecumenical_altar_ruins, uniq_terence
D:3:      layout_basic, uniq_natasha, uniq_robin

Skill      XL: |  1  2  3  4 |
---------------+-------------+-----
Long Blades    | 2 3 |  3.2
Translocations | 4 |  4.8
Fighting       | |  1.7
Throwing       | |  0.8
Armour         | |  1.2
Dodging        | |  1.3
Spellcasting   | |  1.7

Action                     |  1- 3 |  4- 6 || total
---------------------------+-------+-------++-------
  Melee: Falchion          |    78 |       ||    78
         Tailslap          |     9 |    15 ||    24
         Long sword        |    29 |   113 ||   142
  Throw: Dart              |     2 |       ||     2
    Use: Scroll            |     3 |       ||     3
 Armour: Leather armour    |    85 |    94 ||   179
  Dodge: Dodged            |    44 |    69 ||   113

Table legend: (Time is in decaauts)
 A = Elapsed time spent in this place.
 B = Non-inter-level travel time spent in this place.
 C = Inter-level travel time spent in this place.
 D = Time resting spent in this place.
 E = Time spent auto-exploring this place.
 F = Levels seen in this place.
 G = Mean time per level.
                   A        B        C        D        E       F      G
               +--------+--------+--------+--------+--------+-----+--------+
         Total |   1778 |   1778 |      0 |      0 |      0 |   3 |  592.7 |
       Dungeon |   1778 |   1778 |      0 |      0 |      0 |   3 |  592.7 |
               +--------+--------+--------+--------+--------+-----+--------+

Top non-repeatable levels by time:
     D:2: 716 daAuts
     D:1: 552 daAuts
     D:3: 509 daAuts
